 Dungeon Crawl Stone Soup version 0.18-a0-1211-g828307d (webtiles) character file.

87 M4edhros the Charlatan (level 4, 0/29 HPs)
             Began as an Octopode Artificer on Feb 3, 2016.
             Succumbed to a worker ant's poison
             ... on level 4 of the Dungeon.
             The game lasted 00:02:19 (1285 turns).

M4edhros the Charlatan (Octopode Artificer)         Turns: 1285, Time: 00:02:19

Health: 0/29       AC:  1    Str: 10    XL:     4   Next: 51%
Magic:  7/7        EV: 12    Int: 15    God:
Gold:   68         SH:  0    Dex: 12    Spells: 0 memorised, 3 levels left

rFire  . . .     SeeInvis .     a - +0 short sword
rCold  . . .     Gourm    .     (no shield)
rNeg   . . .     Faith    .     (helmet restricted)
rPois  .         Spirit   .     (no amulet)
rElec  .         Dismiss  .     (no ring)
rCorr  .         Reflect  .     (no ring)
SustAt .         Harm     .     (no ring)
MR     .....                    (no ring)
Stlth  +++.......               (no ring)
                                (no ring)
                                (no ring)
                                (no ring)

@: lethally poisoned (0 -> -5), not resistant to hostile enchantments, fairly
stealthy
A: almost no armour, amphibious, 8 rings, constrict 8, camouflage 1, gelatinous
body 1
a: no special abilities


You were on level 4 of the Dungeon.
You were very hungry.

You visited 1 branch of the dungeon, and saw 4 of its levels.

You collected 68 gold pieces.

Inventory:

Hand Weapons
 a - a +0 short sword (weapon)
Missiles
 g - 30 stones (quivered)
 k - 24 sling bullets
Armour
 l - a +0 buckler
Wands
 b - a wand of flame (12/48)
 c - a wand of enslavement (14/24)
 d - a wand of random effects (14/48)
Scrolls
 h - 2 scrolls of remove curse {unknown}
 i - 3 scrolls of identify {unknown}
 j - a scroll of teleportation {unknown}
Potions
 e - a potion of brilliance
Comestibles
 f - 2 bread rations


   Skills:
 + Level 1.8 Fighting
 + Level 1.2 Short Blades
 + Level 2.6 Dodging
 + Level 3.2 Stealth
 + Level 4.2 Evocations


You had 3 spell levels left.
You didn't know any spells.

Dungeon Overview and Level Annotations

Branches:
Dungeon (4/15)
 Temple: D:4-7

Altars:
Fedhas
Nemelex Xobeh


Innate Abilities, Weirdness & Mutations

You cannot wear most types of armour.
You are amphibious.
You can wear up to eight rings at the same time.
You can use your tentacles to constrict eight enemies at once.
Your skin changes colour to match your surroundings (Stealth).
Your rubbery body absorbs attacks (AC +1).


Message History

You hit the worker ant.
You kill the worker ant!
Your Stealth skill increases to level 3!
You are feeling very hungry.
* * * LOW HITPOINT WARNING * * *
You feel sick.
* * * LOW HITPOINT WARNING * * *
You feel sick.
* * * LOW HITPOINT WARNING * * *
You feel sick.
* * * LOW HITPOINT WARNING * * *
You feel sick.
* * * LOW HITPOINT WARNING * * *
You feel sick.
* * * LOW HITPOINT WARNING * * *
You feel sick.
* * * LOW HITPOINT WARNING * * *
You feel sick.
Found a stone staircase leading up.
You die...

#.##.#.# .....#
.#######......# .......
.........##...............
..##.##.###########.......
#.##### .....##
.......#....#
###.###.###.# ##
#.#####.## #.@...<...
#######.##


There were no monsters in sight!

Vanquished Creatures
  An orc priest (D:4)
  A worker ant (D:4)
  2 adders (D:4)
  2 orcs (D:4)
  5 goblins
  2 hobgoblins
  2 bats
  A kobold (D:1)
16 creatures vanquished.

Notes
Turn   | Place    | Note
--------------------------------------------------------------
     0 | D:1      | M4edhros the Octopode Artificer began the quest for the Orb.
     0 | D:1      | Reached XP level 1. HP: 13/13 MP: 3/3
   283 | D:2      | Found a sparkling altar of Nemelex Xobeh.
   294 | D:2      | Reached XP level 2. HP: 18/18 MP: 4/4
   710 | D:4      | Reached skill level 4 in Evocations
   710 | D:4      | Reached XP level 3. HP: 17/23 MP: 4/6
   893 | D:4      | Found a blossoming altar of Fedhas.
   894 | D:4      | Noticed a centaur
  1246 | D:4      | Reached XP level 4. HP: 28/28 MP: 7/7
  1283 | D:4      | HP: 1/29 [poisoned by a worker ant]
  1285 | D:4      | Succumbed to a worker ant's poison

Vault maps used:
D:1:      elethiomel_arrival_shortcut
D:2:      nemelex_xobeh_ov_fountains_minmay
D:3:      first_bread, uniq_iyjb
D:4:      fedhas_bush_and_centaur_altar, minmay_misc_feat_hallway

Action                   |  1- 3 |  4- 6 || total
-------------------------+-------+-------++-------
Melee: Short sword       |    30 |     5 ||    35
Evoke: Wand              |     5 |       ||     5
  Use: Potion            |     2 |       ||     2
 Stab: Sleeping          |     6 |       ||     6
